 Dungeon Crawl Stone Soup version 0.25-a0-544-gee0576305d (webtiles) character file.

Game seed: 4464916032656823956, levelgen mode: classic

1911 EnegeticOcto the Chopper (level 8, 59/76 HPs)
             Began as a Deep Dwarf Fighter on Feb 20, 2020.
             Was a Believer of Makhleb.
             Quit the game on level 7 of the Dungeon.
             The game lasted 00:02:46 (2890 turns).

EnegeticOcto the Chopper (Deep Dwarf Fighter)       Turns: 2890, Time: 00:02:46

Health: 59/76      AC: 20    Str: 22    XL:     8   Next: 95%
Magic:  11/11      EV:  8    Int:  4    God:    Makhleb [**....]
Gold:   22         SH: 10    Dex: 12    Spells: 7/7 levels left

rFire    . . .     SeeInvis .   a - +1 war axe
rCold    . . .     Gourm    .   c - +0 kite shield
rNeg     + . .     Faith    .   A - +5 chain mail of Parlour Games {+Inv +Fly rN+ Int-5}
rPois    .         Spirit   .   u - +1 helmet
rElec    .         Reflect  .   (no cloak)
rCorr    .         Harm     .   g - +2 pair of gloves
MR       +....                  (no boots)
Stlth    ..........             (no amulet)
HPRegen  0.00/turn              (no ring)
MPRegen  0.12/turn              (no ring)

@: non-regenerating, very slow
A: damage resistance, heal wounds, sense surroundings 1, no regeneration
a: Heal Wounds, Minor Destruction, Renounce Religion, Evoke Invisibility, Evoke
Flight


You were on level 7 of the Dungeon.
You worshipped Makhleb.
Makhleb was pleased with you.
You were not hungry.

You visited 2 branches of the dungeon, and saw 8 of its levels.

You collected 221 gold pieces.
You spent 199 gold pieces at shops.

Inventory:

Hand Weapons
 a - a +1 war axe (weapon)
Armour
 c - a +0 kite shield (worn)
 g - a +2 pair of gloves (worn)
 u - a +1 helmet (worn)
 A - the +5 chain mail of Parlour Games (worn) {+Inv +Fly rN+ Int-5}
   (You bought it in a shop on level 5 of the Dungeon)

   It affects your intelligence (-5).
   It protects you from negative energy.
   It lets you turn invisible.
   It lets you fly.
   If you remove this armour, your AC will decrease by 15 (20 -> 5).
Wands
 x - a wand of scattershot (6)
 y - a wand of digging (7) {@v2}
Scrolls
 m - 5 scrolls of remove curse {@r6}
 p - 2 scrolls of random uselessness
Potions
 d - 3 potions of mutation {unknown}
 h - 2 potions of curing {@q1}
 i - a potion of heal wounds {@q2}
 j - 2 potions of stabbing {@q5}
 k - a potion of might {@q3}
 n - a potion of haste {@q4}
 s - a potion of flight
 t - a potion of berserk rage
 z - a potion of cancellation
Comestibles
 e - 10 rations


   Skills:
 * Level 6.1 Fighting
 * Level 6.9 Axes
 + Level 5.7 Armour
 + Level 4.2 Dodging
 + Level 5.5 Shields
 + Level 4.0 Invocations


You had 7 spell levels left.
You didn't know any spells.
Your spell library was empty.

Dungeon Overview and Level Annotations

Branches:
Dungeon (7/15)             Temple (1/1) D:4

Altars:
Ashenzari
Cheibriados
Dithmenos
Elyvilon
Fedhas
Gozag
Hepliaklqana
Kikubaaqudgha
Makhleb
Nemelex Xobeh
Okawaru
Qazlal
Ru
Sif Muna
Trog
Uskayaw
Vehumet
Wu Jian
Xom
Yredelemnul
Zin

Shops:
D:5 [!!   D:6 [

Annotations:
D:6 2 transporters, Killmatronix's ghost, amateur FoCK


Innate Abilities, Weirdness & Mutations

You are resistant to damage.
You can heal yourself by infusing magical energy.
You passively map a small area around you.
You do not regenerate.


Message History

You see here an uncursed ring of attention.
You block the phantom's attack.
You closely miss the phantom.
The phantom is moderately damaged.
The phantom blinks!
The phantom hits you but does no damage.
You closely miss the phantom.
The phantom is moderately damaged.
The phantom hits you but does no damage.
The phantom blinks!
You block the phantom's attack.
You hit the phantom.
The phantom is moderately damaged.
The phantom hits you but does no damage.
You block the phantom's attack.
You closely miss the phantom.
The phantom is moderately damaged.
The phantom hits you.
The phantom blinks!
You barely miss the phantom.
The phantom is moderately damaged.
The phantom hits you but does no damage.
You slice the phantom!!
The phantom is severely damaged.
You block the phantom's attack.
You miss the phantom.
The phantom is severely damaged.
The phantom hits you.
The phantom blinks! x2
No target in view!
No target in view!
No target in view!
No target in view!
No target in view!
No target in view!
No target in view!
No target in view!
No target in view!
No target in view!
No target in view!
No reachable target in view!
No reachable target in view!
No reachable target in view!
No reachable target in view!
No reachable target in view!
No reachable target in view!
No reachable target in view!
No reachable target in view!
No reachable target in view!
No reachable target in view!
No reachable target in view!
No reachable target in view!
A phantom is nearby!
A phantom is nearby!
A phantom is nearby!
A phantom is nearby!
A phantom is nearby!
No reachable target in view!
No reachable target in view!
No reachable target in view!
No reachable target in view!
No reachable target in view!
No reachable target in view!
No reachable target in view!
No reachable target in view!
No reachable target in view!
The phantom blinks!
The phantom blinks!
A phantom is nearby!
A phantom is nearby!
You block the phantom's attack.
You slash the phantom!
The phantom is almost destroyed.
The phantom blinks!
The phantom blinks!
No target in view!
No target in view!
No target in view!
No target in view!
No target in view!
No target in view!
No target in view!
No target in view!
No target in view!
No target in view!
No target in view!
You enter the shallow water.
Moving in this stuff is going to be slow.
The phantom blinks! x2
The phantom is too close now for your liking.
A phantom is nearby!
A phantom is nearby!
A phantom is nearby!
A phantom is nearby!
A phantom is nearby!
No reachable target in view!
No reachable target in view!
No reachable target in view!
No reachable target in view!
No reachable target in view!
No reachable target in view!
Are you sure you want to abandon this character and quit the game? (Confirm with "yes".)

* * #.....# * * * *, ,
#.....# * #######.....#
..........##* ** *
######....# , , #....# ,
* #8..8####≈ , , ##.
#8..8#≈≈≈≈ ≈ *
.!.###@..≈≈≈≈≈≈ ..
##.#≈≈≈..≈≈≈≈≈≈
.##§≈≈≈≈≈..≈≈≈≈≈≈
≈≈####≈≈≈≈≈≈≈≈≈≈..≈≈≈≈..
, ,
≈≈≈≈≈≈≈≈§≈≈≈≈≈≈≈..≈....#
≈≈≈≈≈≈≈≈≈≈≈≈≈≈≈≈8..8.####
* ≈≈≈≈≈≈≈≈≈W≈≈≈...8..8.#
* ≈≈≈≈≈≈####.#......# ,
...## #.#......#


You could see a phantom.

Vanquished Creatures
  2 orc warriors
  3 ice beasts
  2 black bears (D:6)
  2 phantoms
  A centaur (D:5)
  A bullfrog (D:6)
  A scorpion (D:4)
  3 howler monkeys (D:7)
  2 centaur zombies (D:6)
  A crimson imp (D:4)
  5 hounds
  A jelly (D:5)
  4 orc wizards
  4 iguanas
  6 worker ants
  A killer bee zombie (D:7)
  A howler monkey zombie (D:5)
  6 adders
  3 adder skeletons
  2 worms
  3 leopard geckos
  12 orcs
  A giant cockroach (D:1)
  5 goblins
  4 hobgoblins
  7 jackals
  3 kobolds (D:2)
  3 quokkas
  4 bats
  4 frilled lizards
  A leopard gecko skeleton (D:6)
  2 leopard gecko zombies (D:6)
  A quokka zombie (D:6)
  A rat (D:2)
102 creatures vanquished.

Notes
Turn   | Place    | Note
-------+----------+-------------------------------------------
     0 | D:1      | EnegeticOcto the Deep Dwarf Fighter began the quest for the
                  | Orb.
     0 | D:1      | Reached XP level 1. HP: 20/20 MP: 1/1
    75 | D:1      | Reached XP level 2. HP: 25/27 MP: 2/2
   280 | D:2      | Found a hide-covered altar of Uskayaw.
   302 | D:2      | Found a blossoming altar of Fedhas.
   341 | D:2      | Found a bloodstained altar of Trog.
   342 | D:2      | Found an opulent altar of Gozag.
   383 | D:2      | Found a shattered altar of Ashenzari.
   496 | D:3      | Found an iron altar of Okawaru.
   664 | D:3      | Reached skill level 1 in Dodging
   664 | D:3      | Reached XP level 3. HP: 23/34 MP: 3/3
   665 | D:3      | You fall into a shaft and drop 2 floors!
   665 | D:5      | Entered Level 5 of the Dungeon
   665 | D:5      | Noticed a centaur
   670 | D:5      | Killed a centaur
   670 | D:5      | Reached XP level 4. HP: 26/42 MP: 4/4
   689 | D:5      | Found Qapsuthri's Distillery.
   704 | D:4      | Reached XP level 5. HP: 48/49 MP: 5/5
  1091 | D:4      | Reached XP level 6. HP: 43/57 MP: 6/6
  1212 | D:4      | Found a staircase to the Ecumenical Temple.
  1257 | Temple   | Entered the Ecumenical Temple
  1466 | D:4      | Found a shimmering altar of Xom.
  1467 | D:4      | Found a burning altar of Makhleb.
  1473 | D:4      | Became a worshipper of Makhleb the Destroyer
  1494 | D:5      | Found Syarheajeo's Antique Armour Shoppe.
  1544 | D:5      | Found Naohou's Distillery.
  1660 | D:5      | Found an ancient bone altar of Kikubaaqudgha.
  1762 | D:5      | Reached skill level 1 in Invocations
  1765 | D:5      | Reached XP level 7. HP: 47/66 MP: 7/7
  1866 | D:6      | Reached * piety under Makhleb
  1905 | D:6      | Reached skill level 5 in Axes
  2012 | D:6      | Reached skill level 5 in Fighting
  2051 | D:6      | Reached skill level 5 in Armour
  2109 | D:6      | Reached XP level 8. HP: 57/74 MP: 8/10
  2114 | D:6      | Reached skill level 5 in Shields
  2165 | D:6      | Found a snail-covered altar of Cheibriados.
  2180 | D:6      | Found Onuivo Pigeu's Armour Shoppe.
  2296 | D:5      | Bought a smoking chain mail for 199 gold pieces
  2306 | D:5      | Identified the +5 chain mail of Parlour Games {+Inv +Fly
                  | rN+ Int-5} (You bought it in a shop on level 5 of the
                  | Dungeon)
  2348 | D:6      | Reached ** piety under Makhleb
  2451 | D:6      | Found a shimmering blue altar of Sif Muna.
  2480 | D:6      | Found a hazy altar of Hepliaklqana.
  2571 | D:6      | Noticed Killmatronix's ghost (amateur FoCK)
  2572 | D:6      | Found a transporter.
  2573 | D:6      | Found a transporter.
  2573 | D:6      | Identified the +6 dire flail of Qoria {protect, Str+5}
  2573 | D:6      | Noticed a two-headed ogre
  2890 | D:7      | Quit the game

Levels and vault maps discovered:
D:1:      grunt_arrival_lava_bath, layout_basic
D:2:      layout_basic, eat_drink_and_be_merry_uskayaw,
          grunt_temple_overflow_open, amethyst_killhole, ashenzari_altar_1
D:3:      layout_basic, okawaru_gym_becter, first_ration, st_stairs_13,
          kennysheep_generic_room_11
D:4:      layout_loops_ring, grunt_temple_overflow_champion_of_chaos,
          minmay_temple_entry_fiery
D:5:      layout_basic, kiku_gazebo_pond_becter, serial_shops, shop,
          nicolae_shop_window_shopping, shop
D:6:      lemuel_ice_spiral_2, layout_basic, kennysheep_mini,
          lemuel_coloured_pillars_altar, slow_altar_1, gammafunk_ghost_smash,
          serial_shops, shop, minmay_increasing_density
D:7:      wander_river, layout_basic, kennysheep_mini_moat, grunt_ministairs_2
Temple:   jpeg_temple_island

Skill      XL: |  1  2  3  4  5  6  7  8 |
---------------+-------------------------+-----
Fighting       | 3 4 5 6 |  6.1
Dodging        | 1 2 3 4 |  4.2
Axes           | 3 4 5 6 |  6.9
Shields        | 4 5 |  5.5
Armour         | 4 5 |  5.7
Invocations    | 1 2 4 |  4.0

Action                   |  1- 3 |  4- 6 |  7- 9 || total
-------------------------+-------+-------+-------++-------
Melee: War axe           |    77 |    99 |   231 ||   407
 Abil: Heal Wounds       |       |     2 |     5 ||     7
  Use: Scroll            |       |       |    15 ||    15
  Eat: Chunk             |       |     3 |     4 ||     7
Armor: Scale mail        |    49 |    51 |    84 ||   184
       Chain mail        |       |       |    46 ||    46
Dodge: Dodged            |    22 |    29 |    78 ||   129
Block: Kite shield       |    40 |    57 |   136 ||   233

Table legend:
 A = Non-vault XP
 B = Vault XP
 C = Vault XP percentage of total XP
 D = Non-vault monster count
 E = Vault monster count
 F = Vault count percentage of total count
                 A         B        C        D         E       F
            +---------+---------+-------+---------+---------+-------
      Total |    2194 |     536 |  19.6 |      89 |      13 |  12.7
            +---------+---------+-------+---------+---------+-------
        D:1 |      15 |       0 |   0.0 |       8 |       0 |   0.0
        D:2 |      20 |       0 |   0.0 |      13 |       0 |   0.0
        D:3 |       3 |      15 |  83.3 |       2 |       2 |  50.0
        D:4 |     284 |      46 |  13.9 |      13 |       1 |   7.1
        D:5 |     359 |       0 |   0.0 |      16 |       0 |   0.0
        D:6 |    1062 |     177 |  14.3 |      30 |       6 |  16.7
        D:7 |     451 |     298 |  39.8 |       7 |       4 |  36.4
            +---------+---------+-------+---------+---------+-------
